 Dungeon Crawl Stone Soup version 0.27.1-3-gb3d3a73c9e (webtiles) character file.

Game seed: 4315909163051870436

8 vatarom the Magician (level 2, 7/22 HPs)
             Began as a Djinni Hedge Wizard on Oct 7, 2021.
             Quit the game on level 1 of the Dungeon.
             The game lasted 00:00:35 (404 turns).

vatarom the Magician (Djinni Hedge Wizard)           Turns: 404, Time: 00:00:35

Health: 7/22       AC:  2    Str:  9    XL:     2   Next: 15%
Gold:   24         EV: 12    Int: 15    God:
                   SH:  0    Dex: 12

rFire    + + .     SeeInvis .   a - +0 dagger
rCold    x . .     Faith    .   (no shield)
rNeg     . . .     Spirit   .   b - +0 robe
rPois    ∞         Reflect  .   c - +0 hat
rElec    .         Harm     .   (no cloak)
rCorr    .         Rampage  .   (no gloves)
Will     .....                  (boots unavailable)
Stlth    ++........             (no amulet)
HPRegen  0.07/turn              (no ring)
MPRegen  0.00/turn              (no ring)

@: flying
A: sickness immunity, fire resistance 2, cold vulnerability 1, float, innate
caster, hp casting, extra vitality 1
a: no special abilities


You were on level 1 of the Dungeon.
You visited 1 branch of the dungeon, and saw 1 of its levels.

You collected 24 gold pieces.

Inventory:

Hand Weapons
 a - a +0 dagger (weapon)
Armour
 b - a +0 robe (worn)
 c - a +0 hat (worn)


   Skills:
 * Level 1.0 Fighting
 + Level 2.4 Dodging
 - Level 1.5 Stealth
 + Level 2.5 Spellcasting


You couldn't memorise any spells.
You knew the following spells:

 Your Spells              Type           Power      Damage    Failure   Level
a - Magic Dart            Conj           36%        1d4       8%          1
b - Blink                 Tloc           N/A        N/A       12%         2
c - Call Imp              Summ           9%         N/A       12%         2
d - Slow                  Hex            9%         N/A       12%         2
e - Conjure Flame         Conj/Fire      9%         6-21      22%         3
f - Mephitic Cloud        Conj/Pois/Air  9%         N/A       22%         3
Your spell library was empty.

Dungeon Overview and Level Annotations

Branches:
Dungeon (1/15)

Altars:


Innate Abilities, Weirdness & Mutations

You are immune to sickness and miasma.
You are immune to poison.
Your flesh is very heat resistant. (rF++)
You are vulnerable to cold. (rC-)
You float through the air rather than walking.
You learn spells naturally, not from books.
Your magical power is your life essence.
You have superior vitality. (+4 HP)


Message History

A rat, a goblin, a hobgoblin and a kobold come into view.
The hobgoblin shouts!
The goblin shouts!
A quokka comes into view.
The goblin moves out of view.
There are monsters nearby!
You miscast Magic Dart.
You are very lightly contaminated with residual magic.
Nothing appears to happen.
The kobold shouts!
The kobold throws a stone.
The stone completely misses you.
The magic dart hits the hobgoblin.
The hobgoblin is moderately wounded.
The magic dart hits the goblin.
You kill the goblin!
Your Fighting skill increases to level 1!
You have reached level 2!
The magic dart hits the hobgoblin.
The hobgoblin is heavily wounded.
The magic dart hits the hobgoblin.
The hobgoblin is almost dead.
The hobgoblin hits you.
The magic dart hits the hobgoblin.
You kill the hobgoblin!
The quokka bites you.
You are too injured to fight recklessly!
You are too injured to fight recklessly!
You are too injured to fight recklessly!
Unknown command.
You closely miss the quokka. The quokka misses you.
Your magical contamination has completely faded away.
You closely miss the quokka. The quokka bites you.
* * * LOW HITPOINT WARNING * * *
You aren't carrying any potions.
The quokka closely misses you.
The quokka bites you but does no damage.
The quokka completely misses you.
Save game and exit?
Welcome back, vatarom the Djinni Hedge Wizard.
Press ? for a list of commands and other information.
Are you sure you want to abandon this character and quit the game? (Confirm with "yes".)

#.'.<..'....#######
#......) #.#....#..#..#
######## #.#...##...#.#
##. #.#..##....#.#
######.. #.#..#.....#..
#......#
#.#..#.8...##.###
#.######
#.#..#.....##...######.#
..#..##....####..#.....#
.##....@......#####
..##....r.#.###
...##.###.....# ...#.
##r...## ... #.....##
#####.####...#..#
.............##)#
#####..K##...##.#
#.#.#######.#


You could see a quokka and a rat.

Vanquished Creatures
  An endoplasm (D:1)
  A giant cockroach (D:1)
  A hobgoblin (D:1)
  A kobold (D:1)
  2 goblins (D:1)
  A rat (D:1)
7 creatures vanquished.

Notes
Turn   | Place    | Note
-------+----------+-------------------------------------------
     0 | D:1      | vatarom the Djinni Hedge Wizard began the quest for the
                  | Orb.
     0 | D:1      | Reached XP level 1. HP: 15/15 MP: 0/0
   387 | D:1      | Reached skill level 1 in Fighting
   387 | D:1      | Reached XP level 2. HP: 19/22 MP: 0/0
   404 | D:1      | Quit the game

Illustrated notes

Levels and vault maps discovered:
D:1:      giann_horns, layout_rooms

Skill      XL: |  1 |
---------------+----+-----
Fighting       | 1 |  1.0
Dodging        | |  2.4
Stealth        | |  1.5
Spellcasting   | |  2.5

Action                   || total
-------------------------++-------
Melee: Dagger            ||     8
 Cast: Magic Dart        ||    17
  Use: Scroll            ||     1
Armor: Robe              ||     4
Dodge: Dodged            ||    11
